 Dungeon Crawl Stone Soup version 0.25-a0-200-g5ba96148f3 (console) character file.

Game seed: 240999117230460876, levelgen mode: deterministic

261 Kagalorn the Digger (level 5, 44/44 HPs)
             Began as a Deep Dwarf Earth Elementalist on Dec 2, 2019.
             Quit the game on level 3 of the Dungeon.
             The game lasted 00:11:52 (2930 turns).

Kagalorn the Digger (Deep Dwarf Earth Elementalist) Turns: 2930, Time: 00:11:52

Health: 44/44      AC:  6    Str: 11    XL:     5   Next: 96%
Magic:  9/9        EV: 12    Int: 17    God:
Gold:   193        SH:  0    Dex: 13    Spells: 9/10 levels left

rFire    . . .     SeeInvis .   r - +0 war axe
rCold    . . .     Gourm    .   (no shield)
rNeg     . . .     Faith    .   c - +0 robe
rPois    .         Spirit   .   x - +2 helmet
rElec    .         Reflect  .   (no cloak)
rCorr    .         Harm     .   u - +0 pair of gloves
MR       .....                  (no boots)
Stlth    ++........             y - amulet of rage
HPRegen  0.00/turn              (no ring)
MPRegen  0.11/turn              (no ring)

@: non-regenerating
A: damage resistance, heal wounds, sense surroundings 1, no regeneration
a: Heal Wounds, Evoke Berserk Rage


You were on level 3 of the Dungeon.
You were very hungry.

You visited 1 branch of the dungeon, and saw 3 of its levels.
You also visited: Sewer.

You collected 193 gold pieces.

Inventory:

Hand Weapons
 f - a +0 hand axe
 g - a +0 spear
 r - a +0 war axe (weapon)
Missiles
 b - 36 stones (quivered)
 o - 2 javelins
 w - 32 bolts
Armour
 c - a +0 robe (worn)
 u - a +0 pair of gloves (worn)
 x - a +2 helmet (worn)
Jewellery
 k - an uncursed amulet of the acrobat
 y - an amulet of rage (around neck)
Wands
 v - a wand of flame (13)
Scrolls
 a - 4 scrolls of teleportation
 e - 2 scrolls of enchant weapon {unknown}
 l - a scroll of fog {unknown}
 m - 2 scrolls of remove curse {unknown}
 n - a scroll of enchant armour {unknown}
Potions
 h - a potion of heal wounds {unknown}
 i - a potion of might
 j - a potion of mutation {unknown}
 p - a potion of haste {unknown}
 q - a potion of resistance {unknown}
 s - 4 potions of flight
 t - a potion of curing {unknown}
Comestibles
 d - 2 rations


   Skills:
 * Level 1.4 Fighting
 + Level 1.2(1.3) Axes
 + Level 0.5(0.9) Polearms
 - Level 2.1 Dodging
 - Level 2.4 Stealth
 - Level 3.0 Spellcasting
   Level 0.8 Transmutations
 * Level 7.1 Earth Magic


You had 9 spell levels left.
You knew the following spells:

 Your Spells              Type           Power        Failure   Level  Hunger
a - Sandblast             Erth           ####..       1%          1    None

Your spell library contained the following spells:

 Spells                   Type           Power        Failure   Level  Hunger
 Passwall                 Tmut/Erth      ###.....     5%          2    ##.....
 Stone Arrow              Conj/Erth      ##....       12%         3    ###....
 Lee's Rapid Deconstruct  Erth           ####......   26%         5    ######.
 Petrify                  Tmut/Erth      ###.....     34%         4    ####...


Dungeon Overview and Level Annotations

Branches:
Dungeon (3/15)              Sewer (visited)

Altars:
Okawaru


Innate Abilities, Weirdness & Mutations

You are resistant to damage.
You can heal yourself by infusing magical energy.
You passively map a small area around you.
You do not regenerate.


Message History

There is a stone staircase leading up here.
b - 36 stones (gained 11)
y - a glowing emerald amulet You are feeling very hungry.
You remove your amulet of the acrobat.
y - an amulet of rage (around neck)
You remove your amulet of rage.
You feel ready to tumble and roll out of harm's way.
k - an amulet of the acrobat (around neck)
You remove your amulet of the acrobat.
y - an amulet of rage (around neck)
Things that are here:
a +0 ring mail; a +0 short sword You enter the shallow water.
Moving in this stuff is going to be slow.
There is a stone staircase leading up here.
Done exploring.
Quiver which item? (- for none, * to show all) (? for menu, Esc to quit)
Okay, then.
Are you sure you want to abandon this character and quit the game? (Confirm with "yes".)

#.####.# #≈≈#≈.≈#≈≈# #.# #.#
#≈≈#≈.≈#≈≈# #.# #.#
#.≈#≈÷≈#≈≈########## #.# ##.##
#≈≈#≈≈≈#≈≈#....>....
#.###.#.######≈≈#≈≈≈#≈≈#####.....
#.##.###....##≈≈##...≈≈# ######
#.###.#.###.#≈..###..≈##
#.............≈#########
###########.....@......#
##############


There were no monsters in sight!

Vanquished Creatures
  Terence (D:2)
  A merfolk avatar (Sewer)
  A merfolk siren (Sewer)
  A gnoll (D:1)
  5 adders
  3 river rats (Sewer)
  An ooze (D:1)
  A worm (D:2)
  2 dart slugs
  7 leopard geckos
  2 orcs (D:3)
  7 giant cockroaches
  4 goblins
  9 hobgoblins
  2 jackals (D:2)
  4 kobolds
  3 ball pythons (Sewer)
  12 bats
  9 frilled lizards
  28 rats
103 creatures vanquished.

Notes
Turn   | Place    | Note
-------+----------+-------------------------------------------
     0 | D:1      | Kagalorn the Deep Dwarf Earth Elementalist began the quest
                  | for the Orb.
     0 | D:1      | Reached XP level 1. HP: 15/15 MP: 3/3
    34 | D:1      | You fall into a shaft and drop 1 floor!
   115 | D:2      | Reached XP level 2. HP: 19/22 MP: 0/4
   347 | D:1      | Reached skill level 5 in Earth Magic
   377 | D:1      | Reached XP level 3. HP: 23/30 MP: 4/6
   957 | D:2      | Found an iron altar of Okawaru.
   957 | D:2      | Noticed Terence
  1103 | D:2      | Killed Terence
  1103 | D:2      | Reached XP level 4. HP: 6/37 MP: 1/8
  1660 | D:3      | Reached skill level 6 in Earth Magic
  1756 | D:3      | Found a glowing drain.
  1766 | Sewer    | Entered a sewer
  1777 | Sewer    | Reached XP level 5. HP: 24/43 MP: 1/9
  1897 | Sewer    | Reached skill level 1 in Fighting
  2152 | Sewer    | Reached skill level 1 in Axes
  2152 | Sewer    | Reached skill level 7 in Earth Magic
  2930 | D:3      | Quit the game

Levels and vault maps discovered:
D:1:      lemuel_arrival_room, layout_basic
D:2:      layout_rooms, okawaru_ov_weapons_minmay, uniq_terence
D:3:      layout_loops_ring, gup_sewer_entry_pipe

Skill      XL: |  1  2  3  4  5 |
---------------+----------------+-----
Spellcasting   | 2 3 |  3.0
Earth Magic    | 5 6 7 |  7.1
Fighting       | 1 |  1.4
Axes           | 1 |  1.2
Polearms       | |  0.5
Dodging        | |  2.1
Stealth        | |  2.4
Transmutations | |  0.8

Action                   |  1- 3 |  4- 6 || total
-------------------------+-------+-------++-------
Melee: Unarmed           |     3 |       ||     3
       Spear             |     1 |    21 ||    22
       War axe           |       |    64 ||    64
 Cast: Sandblast         |    65 |    74 ||   139
 Abil: Heal Wounds       |       |     3 ||     3
 Stab: Sleeping          |       |     2 ||     2
  Eat: Chunk             |       |     6 ||     6
Armor: Robe              |    26 |    18 ||    44
Dodge: Dodged            |    52 |    88 ||   140

Table legend:
 A = Non-vault XP
 B = Vault XP
 C = Vault XP percentage of total XP
 D = Non-vault monster count
 E = Vault monster count
 F = Vault count percentage of total count
                 A         B        C        D         E       F
            +---------+---------+-------+---------+---------+-------
      Total |     144 |     229 |  61.4 |      60 |      43 |  41.7
            +---------+---------+-------+---------+---------+-------
        D:1 |      56 |       0 |   0.0 |      24 |       0 |   0.0
        D:2 |      64 |      36 |  36.0 |      25 |       1 |   3.8
        D:3 |      24 |      11 |  31.4 |      11 |       4 |  26.7
      Sewer |       0 |     182 | 100.0 |       0 |      38 | 100.0
            +---------+---------+-------+---------+---------+-------
